Description

Early pressure with 3 reaper + 2 hellion. Later push with marines + tanks + banshees at minute 5.

patch v5.0.2

VOD

https://www.youtube.com/watch?v=POWKm3BrRuY

Replay - 2020.08.19 TvP Astrea vs uThermal

Build Order

Get SALT Encoding   

  12  0:01  SCV  
  13  0:13  SCV  
  14  0:17  Supply Depot  
  14  0:25  SCV  
  15  0:28  Refinery  
  15  0:39  SCV  
  16  0:44  Barracks  
  16  0:51  SCV  
  16  0:54  Refinery  
  17  1:03  SCV  
  18  1:15  SCV  
  19  1:33  Orbital Command, Reaper  
  19  1:37  Factory  
  20  1:48  Supply Depot  
  20  1:58  SCV  
  21  2:05  Reaper  
  22  2:10  SCV  
  23  2:20  Hellion  
  26  2:22  SCV  
  26  2:29  Command Center  
  27  2:38  Reaper  
  27  2:42  Hellion  
  30  2:45  Supply Depot  
  30  2:56  Starport  
  30  3:04  Factory Tech Lab  
  31  3:12  Barracks Reactor  
  31  3:23  Siege Tank  
  34  3:30  Barracks x2  
  34  3:33  Starport Tech Lab  
  34  3:48  Orbital Command  
  33  3:49  Marine x2  
  33  3:55  Siege Tank  
  37  4:04  Banshee  
  37  4:07  Marine x2  
  42  4:17  Supply Depot  
  42  4:18  Marine x2  
  44  4:25  Marine x2  
  44  4:29  Siege Tank  
  49  4:36  Marine x2, Supply Depot  
  54  4:49  Banshee  
  61  5:09  Siege Tank  
  68  5:33  Banshee  
  58  6:06  Siege Tank  
  57  6:18  Banshee  
  62  6:44  Siege Tank  
Spawning Tool Build Advisor. Get it on Overwolf

Go to:

Details

  • Created by: builder123
  • Published on: Aug 19, 2020
  • Modified on: Aug 19, 2020
  • Patch: 4.11.0
  • Difficulty: Medium
Show
View Real Time Build Order
Export as new Build Order

Comments (0)

There are no comments. Be the first!

Create an account to comment!